Whale vs Barracuda

Created - Monday, January 04, 2016 at 03:47

Goals
1 2 3 T
Whale 0 0 1 1
Barracuda 0 1 2 3
Shots
1 2 3 T
Whale 6 9 5 20
Barracuda 4 9 16 29

1st period

No Goal

Penalties :
Mark Fistric (SJO) for Tripping (Minor) at 4:49, Alan Quine (CON) for Hooking (Minor) at 11:59

2nd period

1. Barracuda , Vincent Lecavalier 8 (Danny Syvret) at 2:25

Penalties :
Andy Andreoff (SJO) for Tripping (Minor) at 3:25, Brennan Evans (CON) for Unsportsmanlike conduct (Minor) at 14:34

3rd period

2. Barracuda , Vincent Lecavalier 9 (Andy Andreoff, Mark Fistric) at 1:32
3. Whale , Corey Tropp 6 (Pierre-Edouard Bellemare, Reece Scarlett) at 13:55
4. Barracuda , Alexandre Bolduc 3 (Vincent Lecavalier, Maxime Fortunus) at 19:54 (Empty Net)

Penalties :
Alan Quine (CON) for Elbowing (Minor) at 2:06, Ethan Werek (CON) for Boarding (Minor) at 14:56

Goalie Stats

Igor Bobkov (CON), 26 saves from 28 shots - (0.929), L, 0-1-0, 59:10 minutes
Joey MacDonald (SJO), 19 saves from 20 shots - (0.950), W, 12-9-9, 60:00 minutes

Players Stats for Whale

Player Name              G  A  P  +/- PIM S  H  SB GA TA FO     MP     PP MP  PK MP  
------------------------------------------------------------------------------------
Alan Quine               0  0  0   0  4   0  1  1  2  1  4/8    17:32   2:05   0:00 
Brendan Ranford          0  0  0   0  0   1  2  0  2  1  0/0    14:29   0:00   1:34 
Brendan Woods            0  0  0  -1  0   0  0  0  1  0  0/0     4:04   0:00   0:00 
Brennan Evans            0  0  0  -1  2   1  3  0  0  2  0/0    22:30   1:19   3:14 
Brent Regner             0  0  0   0  0   1  0  0  0  0  0/0    16:02   0:00   1:59 
Colin Fraser             0  0  0   0  0   1  2  0  4  1  3/5    14:23   0:00   1:30 
Corey Tropp              1  0  1  -1  0   4  0  0  3  0  1/1    12:25   1:53   1:26 
Dallas Jackson           0  0  0  -1  0   1  1  1  0  0  0/0    23:20   1:19   5:13 
Darren Dietz             0  0  0  -1  0   1  2  0  0  0  0/0    21:40   2:39   2:43 
Denny Urban              0  0  0   0  0   1  0  1  0  0  0/0    15:00   0:00   0:00 
Ethan Werek              0  0  0  -1  2   2  2  0  1  1  2/5    11:14   0:00   0:00 
Iiro Pakarinen           0  0  0   0  0   1  3  0  3  2  0/0    18:23   2:05   1:26 
John McCarthy            0  0  0   0  0   0  1  1  0  0  0/0    16:56   2:05   0:00 
Nick Tarnasky            0  0  0  -1  0   1  4  0  1  0  0/0    11:36   0:00   0:35 
Pierre-Edouard Bellemare 0  1  1   0  0   2  0  1  0  1  7/13   20:01   0:59   4:21 
Reece Scarlett           0  1  1  -1  0   1  3  1  0  1  0/0    21:40   2:39   2:43 
Shane Prince             0  0  0  -2  0   1  2  1  4  0  1/2    21:10   1:53   5:00 
Tomas Nosek              0  0  0   0  0   1  1  0  2  0  0/0     9:35   0:54   0:00 

Players Stats for Barracuda

Player Name              G  A  P  +/- PIM S  H  SB GA TA FO     MP     PP MP  PK MP  
------------------------------------------------------------------------------------
Alexandre Bolduc         1  0  1   1  0   7  0  0  1  1  0/0    20:53   3:33   1:15 
Andy Andreoff            0  1  1   2  2   4  3  1  3  2  0/1    18:17   4:01   0:00 
Bobby Farnham            0  0  0  -1  0   2  3  0  2  0  1/3    16:58   0:00   0:00 
Danny Syvret             0  1  1   3  0   2  1  2  0  2  0/0    26:12   3:54   2:40 
Dominik Uher             0  0  0  -1  0   0  0  1  0  0  0/0    16:58   0:00   0:00 
Eric Selleck             0  0  0   0  0   0  1  0  0  0  0/0     3:04   0:46   0:00 
Jayson Megna             0  0  0   2  0   2  2  0  0  1  0/2    20:52   3:37   2:43 
Joey Mormina             0  0  0   1  0   1  0  0  1  2  0/0    18:17   0:19   0:04 
Louis Leblanc            0  0  0   0  0   1  2  0  0  1  0/0    18:14   0:22   0:38 
Marek Hrivik             0  0  0   0  0   0  0  0  1  1  2/2    17:56   3:33   0:00 
Mark Fistric             0  1  1   1  2   0  2  1  0  0  0/0    17:03   4:13   1:14 
Maxime Fortunus          0  1  1   0  0   0  0  2  0  0  0/0    24:46   3:43   0:49 
Mike Halmo               0  0  0   0  0   1  0  0  0  0  0/0     0:24   0:00   0:00 
Patrick McNeill          0  0  0   0  0   0  0  1  0  1  0/0    12:47   0:00   0:00 
Ryan Hamilton            0  0  0   0  0   2  4  0  1  0  3/10   17:56   3:33   0:00 
Rylan Schwartz           0  0  0   0  0   0  0  0  0  0  0/0     3:50   0:22   0:37 
Taylor Chorney           0  0  0  -1  0   2  1  1  0  0  0/0    20:55   3:43   3:09 
Vincent Lecavalier       2  1  3   3  0   5  0  0  7  1  10/16  20:38   4:01   2:43 

3 Stars

1 - Vincent Lecavalier (SJO)
2 - Joey MacDonald (SJO)
3 - Danny Syvret (SJO)

Power Play

Whale - 0 on 2 Attempt(s) - 0.00%
Barracuda - 0 on 4 Attempt(s) - 0.00%

Penalty Kill

Whale - 4 on 4 Attempt(s) - 100.00% - Score 0 goal in Penalty Kill
Barracuda - 2 on 2 Attempt(s) - 100.00% - Score 0 goal in Penalty Kill

Team Stat

Whale - Hits : 27 - Faceoff Wins : 18 - Blocked Shots : 7 - Penalty Minutes : 8
Barracuda - Hits : 19 - Faceoff Wins : 16 - Blocked Shots : 9 - Penalty Minutes : 4

Official

Referees : Unknown
Linesman : Unknown

Game Notes

Alexandre Bolduc has scored in a empty net!

Finance

Level 1 -- Attendance: 1408 (70.40%) -- Ticket Income $49,280
Level 2 -- Attendance: 684 (68.40%) -- Ticket Income $10,260
Total Attendance: 2092 (69.73%)
Total Ticket Income: $59,540
Other Income: $29,175
Total Income: $88,715

Whale

5 vs 5 Forward 
   Center                   Left Wing                Right Wing               Time % Phy DF OF 
 1 Pierre-Edouard Bellemare Shane Prince             Corey Tropp              35     1   2  2  
 2 Alan Quine               John McCarthy            Iiro Pakarinen           30     1   2  2  
 3 Colin Fraser             Brendan Ranford          Pierre-Edouard Bellemare 22     1   2  2  
 4 Ethan Werek              Nick Tarnasky            Shane Prince             13     1   2  2  

5 vs 5 Defense 
   Defense                  Defense                                           Time % Phy DF OF 
 1 Dallas Jackson           Brennan Evans                                     35     1   2  2  
 2 Darren Dietz             Reece Scarlett                                    30     1   2  2  
 3 Denny Urban              Brent Regner                                      22     1   2  2  
 4 Dallas Jackson           Brennan Evans                                     13     1   2  2  

PowerPlay Forward 
   Center                   Left Wing                Right Wing               Time % Phy DF OF 
 1 Pierre-Edouard Bellemare Shane Prince             Corey Tropp              60     1   2  2  
 2 Alan Quine               John McCarthy            Iiro Pakarinen           40     1   2  2  

PowerPlay Defense
   Defense                  Defense                                           Time % Phy DF OF 
 1 Dallas Jackson           Brennan Evans                                     60     1   2  2  
 2 Darren Dietz             Reece Scarlett                                    40     1   2  2  

Penalty Kill 4 Players Forward 
   Center                   Wing                     Time % Phy DF OF 
 1 Pierre-Edouard Bellemare Shane Prince             60     1   2  2  
 2 Corey Tropp              Iiro Pakarinen           40     1   2  2  

Penalty Kill 4 Players Defense
   Defense                  Defense                  Time % Phy DF OF 
 1 Dallas Jackson           Brennan Evans            60     1   2  2  
 2 Darren Dietz             Reece Scarlett           40     1   2  2  

Penalty Kill - 3 Players Forward 
   Forward                                           Time % Phy DF OF 
 1 Pierre-Edouard Bellemare                          60     1   2  2  
 2 Shane Prince                                      40     1   2  2  

Penalty Kill - 3 Players Defense
   Defense                  Defense                  Time % Phy DF OF 
 1 Dallas Jackson           Brennan Evans            60     1   2  2  
 2 Darren Dietz             Reece Scarlett           40     1   2  2  

4 vs 4 Forward 
   Center                   Wing                     Time % Phy DF OF 
 1 Pierre-Edouard Bellemare Shane Prince             60     1   2  2  
 2 Corey Tropp              Iiro Pakarinen           40     1   2  2  

4 vs 4 Defense
   Defense                  Defense                  Time % Phy DF OF 
 1 Dallas Jackson           Brennan Evans            60     1   2  2  
 2 Darren Dietz             Reece Scarlett           40     1   2  2  

Last Minutes Offensive
   Center                   Left Wing                Right Wing               Defense                  Defense                  
   Pierre-Edouard Bellemare Shane Prince             Corey Tropp              Dallas Jackson           Brennan Evans            

Last Minutes Defensive
   Center                   Left Wing                Right Wing               Defense                  Defense                  
   Pierre-Edouard Bellemare Shane Prince             Corey Tropp              Dallas Jackson           Brennan Evans            

Goaltenders
Starting : Igor Bobkov              
Backup : Louis Domingue           

Extra Forwards
Normal : Tomas Nosek, Brendan Woods, Brendan Ranford - PP : Tomas Nosek, Brendan Woods - PK : Brendan Ranford
Extra Defensemen
Normal : Denny Urban, Dallas Jackson, Darren Dietz - PP : Denny Urban - PK : Brennan Evans, Darren Dietz
Penalty Shots
Pierre-Edouard Bellemare, Shane Prince, Corey Tropp, Iiro Pakarinen, Alan Quine

Barracuda

5 vs 5 Forward 
   Center                   Left Wing                Right Wing               Time % Phy DF OF 
 1 Vincent Lecavalier       Jayson Megna             Andy Andreoff            35     1   2  2  
 2 Ryan Hamilton            Alexandre Bolduc         Marek Hrivik             30     1   2  2  
 3 Bobby Farnham            Louis Leblanc            Dominik Uher             22     1   2  2  
 4 Jayson Megna             Alexandre Bolduc         Vincent Lecavalier       13     1   2  2  

5 vs 5 Defense 
   Defense                  Defense                                           Time % Phy DF OF 
 1 Joey Mormina             Danny Syvret                                      35     1   2  2  
 2 Taylor Chorney           Maxime Fortunus                                   30     1   2  2  
 3 Danny Syvret             Mark Fistric                                      22     1   2  2  
 4 Patrick McNeill          Maxime Fortunus                                   13     1   2  2  

PowerPlay Forward 
   Center                   Left Wing                Right Wing               Time % Phy DF OF 
 1 Vincent Lecavalier       Jayson Megna             Andy Andreoff            60     1   2  2  
 2 Ryan Hamilton            Alexandre Bolduc         Marek Hrivik             40     1   2  2  

PowerPlay Defense
   Defense                  Defense                                           Time % Phy DF OF 
 1 Mark Fistric             Danny Syvret                                      60     1   2  2  
 2 Taylor Chorney           Maxime Fortunus                                   40     1   2  2  

Penalty Kill 4 Players Forward 
   Center                   Wing                     Time % Phy DF OF 
 1 Vincent Lecavalier       Jayson Megna             60     1   2  2  
 2 Alexandre Bolduc         Louis Leblanc            40     1   2  2  

Penalty Kill 4 Players Defense
   Defense                  Defense                  Time % Phy DF OF 
 1 Maxime Fortunus          Danny Syvret             60     1   2  2  
 2 Mark Fistric             Taylor Chorney           40     1   2  2  

Penalty Kill - 3 Players Forward 
   Forward                                           Time % Phy DF OF 
 1 Vincent Lecavalier                                60     1   2  2  
 2 Dominik Uher                                      40     1   2  2  

Penalty Kill - 3 Players Defense
   Defense                  Defense                  Time % Phy DF OF 
 1 Taylor Chorney           Maxime Fortunus          60     1   2  2  
 2 Patrick McNeill          Danny Syvret             40     1   2  2  

4 vs 4 Forward 
   Center                   Wing                     Time % Phy DF OF 
 1 Vincent Lecavalier       Alexandre Bolduc         60     1   2  2  
 2 Jayson Megna             Bobby Farnham            40     1   2  2  

4 vs 4 Defense
   Defense                  Defense                  Time % Phy DF OF 
 1 Danny Syvret             Maxime Fortunus          60     1   2  2  
 2 Taylor Chorney           Mark Fistric             40     1   2  2  

Last Minutes Offensive
   Center                   Left Wing                Right Wing               Defense                  Defense                  
   Vincent Lecavalier       Jayson Megna             Andy Andreoff            Maxime Fortunus          Danny Syvret             

Last Minutes Defensive
   Center                   Left Wing                Right Wing               Defense                  Defense                  
   Vincent Lecavalier       Jayson Megna             Andy Andreoff            Maxime Fortunus          Danny Syvret             

Goaltenders
Starting : Joey MacDonald           
Backup : David Leggio             

Extra Forwards
Normal : Alexandre Bolduc, Vincent Lecavalier, Jayson Megna - PP : Vincent Lecavalier, Alexandre Bolduc - PK : Vincent Lecavalier
Extra Defensemen
Normal : Danny Syvret, Patrick McNeill, Maxime Fortunus - PP : Danny Syvret - PK : Taylor Chorney, Danny Syvret
Penalty Shots
Andy Andreoff, Vincent Lecavalier, Jayson Megna, Ryan Hamilton, Alexandre Bolduc

% Time on Ice - Whale

Lines # - Real PCT - Wanted PCT - Time Play
Normal Forward
1 - 20% - 35% - 9:16
2 - 31% - 30% - 14:51
3 - 26% - 22% - 12:03
4 - 23% - 13% - 11:01
Normal Defense
1 - 32% - 35% - 14:54
2 - 35% - 30% - 16:18
3 - 28% - 22% - 13:14
4 - 6% - 13% - 2:45
PP Forward
1 - 47% - 60% - 1:53
2 - 53% - 40% - 2:05
PP Defense
1 - 33% - 60% - 1:19
2 - 67% - 40% - 2:39
PK Forward
1 - 82% - 60% - 6:30
2 - 18% - 40% - 1:26
PK Defense
1 - 66% - 60% - 5:13
2 - 34% - 40% - 2:43
PK3 Forward
1 - 0% - 60%
2 - 0% - 40%
PK3 Defense
1 - 0% - 60%
2 - 0% - 40%
44 Forward
1 - 0% - 60%
2 - 0% - 40%
44 Defense
1 - 0% - 60%
2 - 0% - 40%
Last Minute Offensive  - 0:55
Last Minute Defensive  - 0:00
Total
Forward - 60:00
Defense - 60:00

% Time on Ice - Barracuda

Lines # - Real PCT - Wanted PCT - Time Play
Normal Forward
1 - 31% - 35% - 14:42
2 - 30% - 30% - 14:23
3 - 36% - 22% - 16:58
4 - 3% - 13% - 1:22
Normal Defense
1 - 31% - 35% - 14:48
2 - 30% - 30% - 14:12
3 - 18% - 22% - 8:42
4 - 20% - 13% - 9:43
PP Forward
1 - 55% - 60% - 4:23
2 - 45% - 40% - 3:33
PP Defense
1 - 53% - 60% - 4:13
2 - 47% - 40% - 3:43
PK Forward
1 - 84% - 60% - 3:20
2 - 16% - 40% - 0:38
PK Defense
1 - 19% - 60% - 0:45
2 - 81% - 40% - 3:13
PK3 Forward
1 - 0% - 60%
2 - 0% - 40%
PK3 Defense
1 - 0% - 60%
2 - 0% - 40%
44 Forward
1 - 0% - 60%
2 - 0% - 40%
44 Defense
1 - 0% - 60%
2 - 0% - 40%
Last Minute Offensive  - 0:00
Last Minute Defensive  - 0:41
Total
Forward - 60:00
Defense - 60:00

Play by Play

1st period


0:01 of 1st period - Pierre-Edouard Bellemare wins face-off versus Vincent Lecavalier in neutral zone.
0:52 of 1st period - John McCarthy is hit by Ryan Hamilton and loses puck.
1:37 of 1st period - Danny Syvret is hit by Reece Scarlett.
2:14 of 1st period - Wrist shot by Shane Prince.
2:14 of 1st period - Shot Misses the Net.
2:40 of 1st period - Dominik Uher is hit by Iiro Pakarinen and loses puck.
3:00 of 1st period - Wrist shot by Brendan Ranford.
3:00 of 1st period - Shot Misses the Net.
3:40 of 1st period - Snap shot by Andy Andreoff.
3:40 of 1st period - Shot Misses the Net.
3:42 of 1st period - Snap shot by Andy Andreoff.
3:42 of 1st period - Shot Misses the Net.
3:52 of 1st period - Snap shot by Bobby Farnham.
3:52 of 1st period - Stopped by Igor Bobkov with a rebound.
3:54 of 1st period - Snap shot by Dominik Uher.
3:54 of 1st period - Shot Misses the Net.
4:49 of 1st period - Minor Penalty to Mark Fistric for Tripping.
4:50 of 1st period - Vincent Lecavalier wins face-off versus Alan Quine in Barracuda zone.
5:00 of 1st period - Jayson Megna is hit by Iiro Pakarinen and loses puck.
5:25 of 1st period - Reece Scarlett is hit by Danny Syvret and loses puck.
5:48 of 1st period - Slapshot by Corey Tropp.
5:48 of 1st period - Stopped by Joey MacDonald with a rebound.
5:50 of 1st period - Snap shot by Tomas Nosek.
5:50 of 1st period - Shot Misses the Net.
5:52 of 1st period - Wrist shot by Corey Tropp.
5:52 of 1st period - Shot Blocked by Taylor Chorney.
5:54 of 1st period - Slapshot by Brennan Evans.
5:54 of 1st period - Stopped by Joey MacDonald with a rebound.
6:20 of 1st period - Jayson Megna is hit by Dallas Jackson and loses puck.
6:49 of 1st period - Penalty to Mark Fistric is over, Mark Fistric is back on ice.
7:21 of 1st period - Louis Leblanc is hit by Shane Prince and loses puck.
7:28 of 1st period - Brent Regner is hit by Louis Leblanc and loses puck.
8:17 of 1st period - Slapshot by Nick Tarnasky.
8:17 of 1st period - Stopped by Joey MacDonald without a rebound.
8:18 of 1st period - Bobby Farnham wins face-off versus Ethan Werek in Barracuda zone.
8:27 of 1st period - Snap shot by Louis Leblanc.
8:27 of 1st period - Shot Misses the Net.
8:43 of 1st period - Off-side.
8:44 of 1st period - Vincent Lecavalier wins face-off versus Alan Quine in neutral zone.
8:55 of 1st period - Snap shot by Vincent Lecavalier.
8:55 of 1st period - Shot Misses the Net.
8:57 of 1st period - Slapshot by Maxime Fortunus.
8:57 of 1st period - Shot Blocked by Alan Quine.
9:03 of 1st period - Snap shot by Vincent Lecavalier.
9:03 of 1st period - Shot Hit the Post.
9:50 of 1st period - Alexandre Bolduc is hit by Shane Prince and loses puck.
10:11 of 1st period - Snap shot by Ethan Werek.
10:11 of 1st period - Shot Blocked by Mark Fistric.
10:13 of 1st period - Slapshot by Dallas Jackson.
10:13 of 1st period - Shot Hit the Post.
10:15 of 1st period - Slapshot by Darren Dietz.
10:15 of 1st period - Stopped by Joey MacDonald without a rebound.
10:16 of 1st period - Ethan Werek wins face-off versus Vincent Lecavalier in Barracuda zone.
10:40 of 1st period - Icing by Andy Andreoff.
10:41 of 1st period - Vincent Lecavalier wins face-off versus Colin Fraser in Barracuda zone.
10:52 of 1st period - Snap shot by Bobby Farnham.
10:52 of 1st period - Shot Blocked by Dallas Jackson.
11:42 of 1st period - Snap shot by Ryan Hamilton.
11:42 of 1st period - Stopped by Igor Bobkov with a rebound.
11:44 of 1st period - Slapshot by Ryan Hamilton.
11:44 of 1st period - Shot Misses the Net.
11:59 of 1st period - Minor Penalty to Alan Quine for Hooking.
12:00 of 1st period - Pierre-Edouard Bellemare wins face-off versus Andy Andreoff in Whale zone.
13:59 of 1st period - Penalty to Alan Quine is over, Alan Quine is back on ice.
14:18 of 1st period - Snap shot by Iiro Pakarinen.
14:18 of 1st period - Shot Misses the Net.
14:20 of 1st period - Slapshot by Iiro Pakarinen.
14:20 of 1st period - Shot Misses the Net.
14:56 of 1st period - Ryan Hamilton is hit by Colin Fraser and loses puck.
15:09 of 1st period - Danny Syvret is hit by Nick Tarnasky and loses puck.
16:08 of 1st period - Slapshot by Jayson Megna.
16:08 of 1st period - Stopped by Igor Bobkov with a rebound.
16:10 of 1st period - Slapshot by Jayson Megna.
16:10 of 1st period - Stopped by Igor Bobkov without a rebound.
16:11 of 1st period - Vincent Lecavalier wins face-off versus Pierre-Edouard Bellemare in Whale zone.
16:24 of 1st period - Wrist shot by Colin Fraser.
16:24 of 1st period - Shot Misses the Net.
17:53 of 1st period - Brennan Evans is hit by Eric Selleck.
18:19 of 1st period - Pierre-Edouard Bellemare is hit by Ryan Hamilton.
18:29 of 1st period - Andy Andreoff is hit by Brennan Evans and loses puck.
18:34 of 1st period - Snap shot by Iiro Pakarinen.
18:34 of 1st period - Stopped by Joey MacDonald with a rebound.
18:36 of 1st period - Snap shot by Iiro Pakarinen.
18:36 of 1st period - Shot Misses the Net.
18:38 of 1st period - Slapshot by Reece Scarlett.
18:38 of 1st period - Stopped by Joey MacDonald with a rebound.
18:42 of 1st period - Snap shot by Iiro Pakarinen.
18:42 of 1st period - Shot Misses the Net.
Goals for this period are 0 for Whale vs 0 for Barracuda.
Shots for this period are 6 for Whale vs 4 for Barracuda.

2nd period


0:01 of 2nd period - Corey Tropp wins face-off versus Jayson Megna in neutral zone.
0:14 of 2nd period - Backhand shot by Shane Prince.
0:14 of 2nd period - Stopped by Joey MacDonald with a rebound.
0:16 of 2nd period - Slapshot by Pierre-Edouard Bellemare.
0:16 of 2nd period - Stopped by Joey MacDonald without a rebound.
0:17 of 2nd period - Pierre-Edouard Bellemare wins face-off versus Jayson Megna in Barracuda zone.
1:26 of 2nd period - Backhand shot by Bobby Farnham.
1:26 of 2nd period - Stopped by Igor Bobkov with a rebound.
1:28 of 2nd period - Slapshot by Taylor Chorney.
1:28 of 2nd period - Stopped by Igor Bobkov without a rebound.
1:29 of 2nd period - Ryan Hamilton wins face-off versus Ethan Werek in Whale zone.
1:30 of 2nd period - Wrist shot by Alexandre Bolduc.
1:30 of 2nd period - Shot Misses the Net.
1:34 of 2nd period - Snap shot by Marek Hrivik.
1:34 of 2nd period - Shot Blocked by Shane Prince.
1:36 of 2nd period - Wrist shot by Marek Hrivik.
1:36 of 2nd period - Deflect By Alexandre Bolduc.
1:36 of 2nd period - Stopped by Igor Bobkov without a rebound.
1:37 of 2nd period - Ryan Hamilton wins face-off versus Shane Prince in Whale zone.
1:44 of 2nd period - Snap shot by Ethan Werek.
1:44 of 2nd period - Deflect By Shane Prince.
1:44 of 2nd period - Shot Misses the Net.
1:44 of 2nd period - Puck is out of play.
1:45 of 2nd period - Marek Hrivik wins face-off versus Ethan Werek in Barracuda zone.
1:45 of 2nd period - Marek Hrivik is hit by Nick Tarnasky.
2:25 of 2nd period - Snap shot by Vincent Lecavalier.
2:25 of 2nd period - Goal by Vincent Lecavalier - Whale : 0 - Barracuda : 1.
2:26 of 2nd period - Alan Quine wins face-off versus Vincent Lecavalier in neutral zone.
2:31 of 2nd period - Snap shot by Iiro Pakarinen.
2:31 of 2nd period - Deflect By Vincent Lecavalier.
2:31 of 2nd period - Shot Blocked by Maxime Fortunus.
2:31 of 2nd period - Puck is out of play.
2:32 of 2nd period - Vincent Lecavalier wins face-off versus Alan Quine in Barracuda zone.
2:32 of 2nd period - Vincent Lecavalier is hit by John McCarthy.
2:38 of 2nd period - Andy Andreoff is hit by Alan Quine and loses puck.
2:45 of 2nd period - Snap shot by Alan Quine.
2:45 of 2nd period - Shot Blocked by Andy Andreoff.
2:47 of 2nd period - Slapshot by Dallas Jackson.
2:47 of 2nd period - Stopped by Joey MacDonald with a rebound.
2:49 of 2nd period - Slapshot by Brennan Evans.
2:49 of 2nd period - Shot Misses the Net.
3:23 of 2nd period - Wrist shot by Corey Tropp.
3:23 of 2nd period - Stopped by Joey MacDonald with a rebound.
3:25 of 2nd period - Minor Penalty to Andy Andreoff for Tripping.
3:26 of 2nd period - Pierre-Edouard Bellemare wins face-off versus Vincent Lecavalier in Barracuda zone.
3:37 of 2nd period - Snap shot by Pierre-Edouard Bellemare.
3:37 of 2nd period - Shot Misses the Net.
3:59 of 2nd period - Snap shot by Corey Tropp.
3:59 of 2nd period - Shot Blocked by Danny Syvret.
4:17 of 2nd period - Wrist shot by Alexandre Bolduc.
4:17 of 2nd period - Stopped by Igor Bobkov with a rebound.
4:34 of 2nd period - Wrist shot by Alexandre Bolduc.
4:34 of 2nd period - Stopped by Igor Bobkov with a rebound.
5:25 of 2nd period - Penalty to Andy Andreoff is over, Andy Andreoff is back on ice.
5:33 of 2nd period - Wrist shot by Pierre-Edouard Bellemare.
5:33 of 2nd period - Shot Misses the Net.
5:35 of 2nd period - Snap shot by Pierre-Edouard Bellemare.
5:35 of 2nd period - Shot Misses the Net.
5:37 of 2nd period - Slapshot by Pierre-Edouard Bellemare.
5:37 of 2nd period - Stopped by Joey MacDonald without a rebound.
5:38 of 2nd period - Colin Fraser wins face-off versus Bobby Farnham in Barracuda zone.
6:29 of 2nd period - Joey Mormina is hit by Ethan Werek.
6:43 of 2nd period - Ryan Hamilton is hit by Ethan Werek and loses puck.
7:23 of 2nd period - John McCarthy is hit by Bobby Farnham.
8:01 of 2nd period - Icing by Pierre-Edouard Bellemare.
8:02 of 2nd period - Vincent Lecavalier wins face-off versus Pierre-Edouard Bellemare in Whale zone.
9:03 of 2nd period - Danny Syvret is hit by Brendan Ranford and loses puck.
9:25 of 2nd period - Snap shot by Alexandre Bolduc.
9:25 of 2nd period - Shot Blocked by Denny Urban.
9:27 of 2nd period - Snap shot by Patrick McNeill.
9:27 of 2nd period - Shot Misses the Net.
9:29 of 2nd period - Snap shot by Maxime Fortunus.
9:29 of 2nd period - Shot Misses the Net.
9:53 of 2nd period - Alan Quine is hit by Bobby Farnham.
10:39 of 2nd period - Snap shot by Ryan Hamilton.
10:39 of 2nd period - Stopped by Igor Bobkov with a rebound.
10:57 of 2nd period - Wrist shot by Colin Fraser.
10:57 of 2nd period - Stopped by Joey MacDonald with a rebound.
11:01 of 2nd period - Wrist shot by Brendan Ranford.
11:01 of 2nd period - Stopped by Joey MacDonald with a rebound.
11:03 of 2nd period - Slapshot by Denny Urban.
11:03 of 2nd period - Stopped by Joey MacDonald with a rebound.
12:17 of 2nd period - Taylor Chorney is hit by Tomas Nosek and loses puck.
13:20 of 2nd period - Mark Fistric is hit by Darren Dietz.
13:36 of 2nd period - Joey Mormina is hit by Reece Scarlett and loses puck.
14:34 of 2nd period - Minor Penalty to Brennan Evans for Unsportsmanlike conduct.
14:35 of 2nd period - Pierre-Edouard Bellemare wins face-off versus Vincent Lecavalier in Whale zone.
15:09 of 2nd period - Snap shot by Alexandre Bolduc.
15:09 of 2nd period - Stopped by Igor Bobkov with a rebound.
16:34 of 2nd period - Penalty to Brennan Evans is over, Brennan Evans is back on ice.
16:53 of 2nd period - Iiro Pakarinen is hit by Louis Leblanc and loses puck.
17:26 of 2nd period - Danny Syvret is hit by Nick Tarnasky and loses puck.
17:35 of 2nd period - Dominik Uher is hit by Nick Tarnasky and loses puck.
17:52 of 2nd period - Snap shot by Tomas Nosek.
17:52 of 2nd period - Stopped by Joey MacDonald with a rebound.
19:15 of 2nd period - Snap shot by Alexandre Bolduc.
19:15 of 2nd period - Stopped by Igor Bobkov with a rebound.
19:37 of 2nd period - John McCarthy is hit by Ryan Hamilton and loses puck.
Goals for this period are 0 for Whale vs 1 for Barracuda.
Shots for this period are 9 for Whale vs 9 for Barracuda.

3rd period


0:01 of 3rd period - Vincent Lecavalier wins face-off versus Pierre-Edouard Bellemare in neutral zone.
0:04 of 3rd period - Slapshot by Andy Andreoff.
0:04 of 3rd period - Stopped by Igor Bobkov with a rebound.
0:06 of 3rd period - Snap shot by Andy Andreoff.
0:06 of 3rd period - Shot Misses the Net.
0:08 of 3rd period - Slapshot by Danny Syvret.
0:08 of 3rd period - Stopped by Igor Bobkov with a rebound.
0:10 of 3rd period - Slapshot by Joey Mormina.
0:10 of 3rd period - Deflect By Corey Tropp.
0:10 of 3rd period - Stopped by Igor Bobkov with a rebound.
0:12 of 3rd period - Wrist shot by Andy Andreoff.
0:12 of 3rd period - Shot Blocked by Pierre-Edouard Bellemare.
0:14 of 3rd period - Snap shot by Vincent Lecavalier.
0:14 of 3rd period - Stopped by Igor Bobkov with a rebound.
0:16 of 3rd period - Slapshot by Joey Mormina.
0:16 of 3rd period - Deflect By Vincent Lecavalier.
0:16 of 3rd period - Stopped by Igor Bobkov with a rebound.
0:18 of 3rd period - Slapshot by Danny Syvret.
0:18 of 3rd period - Deflect By Pierre-Edouard Bellemare.
0:18 of 3rd period - Stopped by Igor Bobkov with a rebound.
0:20 of 3rd period - Snap shot by Andy Andreoff.
0:20 of 3rd period - Stopped by Igor Bobkov without a rebound.
0:21 of 3rd period - Alan Quine wins face-off versus Ryan Hamilton in Whale zone.
0:40 of 3rd period - Wrist shot by Ryan Hamilton.
0:40 of 3rd period - Shot Blocked by Reece Scarlett.
1:10 of 3rd period - Icing by Pierre-Edouard Bellemare.
1:11 of 3rd period - Vincent Lecavalier wins face-off versus Pierre-Edouard Bellemare in Whale zone.
1:22 of 3rd period - Backhand shot by Vincent Lecavalier.
1:22 of 3rd period - Stopped by Igor Bobkov with a rebound.
1:30 of 3rd period - Wrist shot by Andy Andreoff.
1:30 of 3rd period - Shot Misses the Net.
1:32 of 3rd period - Slapshot by Vincent Lecavalier.
1:32 of 3rd period - Goal by Vincent Lecavalier - Whale : 0 - Barracuda : 2.
1:33 of 3rd period - Vincent Lecavalier wins face-off versus Pierre-Edouard Bellemare in neutral zone.
1:42 of 3rd period - Dallas Jackson is hit by Andy Andreoff and loses puck.
2:02 of 3rd period - Snap shot by Vincent Lecavalier.
2:02 of 3rd period - Deflect By Shane Prince.
2:02 of 3rd period - Shot Misses the Net.
2:02 of 3rd period - Puck is out of play.
2:03 of 3rd period - Alan Quine wins face-off versus Ryan Hamilton in Whale zone.
2:03 of 3rd period - Alan Quine is hit by Ryan Hamilton.
2:06 of 3rd period - Minor Penalty to Alan Quine for Elbowing.
2:07 of 3rd period - Shane Prince wins face-off versus Vincent Lecavalier in Whale zone.
2:07 of 3rd period - Shane Prince is hit by Jayson Megna.
3:02 of 3rd period - Ryan Hamilton is hit by Brennan Evans and loses puck.
3:11 of 3rd period - Snap shot by Alexandre Bolduc.
3:11 of 3rd period - Shot Misses the Net.
3:13 of 3rd period - Snap shot by Marek Hrivik.
3:13 of 3rd period - Shot Misses the Net.
3:15 of 3rd period - Slapshot by Taylor Chorney.
3:15 of 3rd period - Stopped by Igor Bobkov with a rebound.
3:51 of 3rd period - Slapshot by Jayson Megna.
3:51 of 3rd period - Shot Misses the Net.
4:06 of 3rd period - Penalty to Alan Quine is over, Alan Quine is back on ice.
4:24 of 3rd period - Louis Leblanc is hit by Brendan Ranford and loses puck.
4:49 of 3rd period - Patrick McNeill is hit by Iiro Pakarinen and loses puck.
4:54 of 3rd period - Snap shot by Iiro Pakarinen.
4:54 of 3rd period - Shot Misses the Net.
6:41 of 3rd period - Iiro Pakarinen is hit by Taylor Chorney and loses puck.
6:54 of 3rd period - Snap shot by Ryan Hamilton.
6:54 of 3rd period - Shot Blocked by John McCarthy.
7:18 of 3rd period - Reece Scarlett is hit by Mark Fistric and loses puck.
7:35 of 3rd period - Snap shot by Ethan Werek.
7:35 of 3rd period - Stopped by Joey MacDonald with a rebound.
7:37 of 3rd period - Snap shot by Ethan Werek.
7:37 of 3rd period - Stopped by Joey MacDonald with a rebound.
9:21 of 3rd period - Joey Mormina is hit by Colin Fraser and loses puck.
9:28 of 3rd period - Slapshot by Alexandre Bolduc.
9:28 of 3rd period - Stopped by Igor Bobkov without a rebound.
9:29 of 3rd period - Colin Fraser wins face-off versus Ryan Hamilton in Whale zone.
9:52 of 3rd period - Corey Tropp is hit by Andy Andreoff and loses puck.
10:34 of 3rd period - Wrist shot by Shane Prince.
10:34 of 3rd period - Shot Blocked by Patrick McNeill.
11:42 of 3rd period - Shane Prince is hit by Jayson Megna and loses puck.
12:25 of 3rd period - Wrist shot by Mike Halmo.
12:25 of 3rd period - Stopped by Igor Bobkov without a rebound.
12:26 of 3rd period - Vincent Lecavalier wins face-off versus Alan Quine in Whale zone.
12:55 of 3rd period - Denny Urban is hit by Mark Fistric and loses puck.
13:47 of 3rd period - Slapshot by Corey Tropp.
13:47 of 3rd period - Stopped by Joey MacDonald with a rebound.
13:49 of 3rd period - Wrist shot by Corey Tropp.
13:49 of 3rd period - Shot Blocked by Maxime Fortunus.
13:51 of 3rd period - Wrist shot by Pierre-Edouard Bellemare.
13:51 of 3rd period - Shot Blocked by Dominik Uher.
13:55 of 3rd period - Wrist shot by Corey Tropp.
13:55 of 3rd period - Goal by Corey Tropp - Whale : 1 - Barracuda : 2.
13:56 of 3rd period - Colin Fraser wins face-off versus Ryan Hamilton in neutral zone.
14:02 of 3rd period - Icing by Ryan Hamilton.
14:03 of 3rd period - Marek Hrivik wins face-off versus Colin Fraser in Barracuda zone.
14:46 of 3rd period - Iiro Pakarinen is hit by Bobby Farnham and loses puck.
14:53 of 3rd period - Wrist shot by Louis Leblanc.
14:53 of 3rd period - Stopped by Igor Bobkov without a rebound.
14:54 of 3rd period - Ethan Werek wins face-off versus Bobby Farnham in Whale zone.
14:56 of 3rd period - Minor Penalty to Ethan Werek for Boarding.
14:57 of 3rd period - Ryan Hamilton wins face-off versus Pierre-Edouard Bellemare in Whale zone.
15:58 of 3rd period - Slapshot by Alexandre Bolduc.
15:58 of 3rd period - Deflect By Ryan Hamilton.
15:58 of 3rd period - Shot Misses the Net.
15:58 of 3rd period - Puck is out of play.
15:59 of 3rd period - Pierre-Edouard Bellemare wins face-off versus Ryan Hamilton in Whale zone.
16:10 of 3rd period - Wrist shot by Andy Andreoff.
16:10 of 3rd period - Stopped by Igor Bobkov with a rebound.
16:12 of 3rd period - Wrist shot by Andy Andreoff.
16:12 of 3rd period - Stopped by Igor Bobkov with a rebound.
16:14 of 3rd period - Snap shot by Vincent Lecavalier.
16:14 of 3rd period - Shot Misses the Net.
16:33 of 3rd period - Off-side.
16:34 of 3rd period - Pierre-Edouard Bellemare wins face-off versus Ryan Hamilton in neutral zone.
16:56 of 3rd period - Penalty to Ethan Werek is over, Ethan Werek is back on ice.
16:59 of 3rd period - Dallas Jackson is hit by Andy Andreoff and loses puck.
17:21 of 3rd period - Danny Syvret is hit by Brennan Evans and loses puck.
17:26 of 3rd period - Wrist shot by Iiro Pakarinen.
17:26 of 3rd period - Shot Blocked by Danny Syvret.
18:28 of 3rd period - Alexandre Bolduc is hit by Reece Scarlett and loses puck.
18:55 of 3rd period - Vincent Lecavalier is hit by Darren Dietz and loses puck.
19:04 of 3rd period - Whale, Igor Bobkov is pulled from the net.
19:36 of 3rd period - Slapshot by Brent Regner.
19:36 of 3rd period - Stopped by Joey MacDonald with a rebound.
19:54 of 3rd period - Wrist shot by Alexandre Bolduc.
19:54 of 3rd period - Goal by Alexandre Bolduc - Whale : 1 - Barracuda : 3.
19:54 of 3rd period - Igor Bobkov from Whale was sent back in the game.
19:55 of 3rd period - Alan Quine wins face-off versus Ryan Hamilton in neutral zone.
Goals for this period are 1 for Whale vs 2 for Barracuda.
Shots for this period are 5 for Whale vs 16 for Barracuda.